Match 45685767
Unlisted

Match 45685767
End
Selects Australian Defense Battlegroup
Selects Australian Light Infantry Section
Australian Light Infantry Section
Australian Light Infantry Section
Australian Light Infantry Section
Construct Section Command Post
Construct Platoon Command Post
CMP 15cwt Truck
Selects CMP 15cwt Supply Run
CMP 15cwt Supply Run
Humber Armored Car
Selects Defensive Tactics
Selects Reinforced Resource Caches
CMP 15cwt Supply Run
Selects Charged Creeping Barrage
Charged Creeping Barrage
CMP 15cwt Supply Run
Selects Hold the Line!
Charged Creeping Barrage
CMP 15cwt Supply Run
Construct Company Command Post
Matilda II Heavy Tank
Charged Creeping Barrage
CMP 15cwt Supply Run
Matilda II Heavy Tank
Vasilisk
MrLoser ★
Sulq
CnoHcop_KBH
Scorps
Helmuth von Moltke
The Wolf, Duc Volpe
ionwood
0
0

Comments sign in to comment!

No comments posted yet!